 Dungeon Crawl Stone Soup version 0.31-a0-924-ge39a22a033 (webtiles) character file.

Game seed: 11289944051879263294

538 Pixllover the Digger (level 7, 0/38 HPs)
             Began as a Gargoyle Earth Elementalist on Oct 18, 2023.
             Was a Follower of Vehumet.
             Slain by an ice beast (14 damage)
             ... on level 5 of the Dungeon.
             The game lasted 00:12:13 (4695 turns).

Pixllover the Digger (Gargoyle Earth Elementalist)  Turns: 4695, Time: 00:12:14

Health: 0/38       AC:  8    Str: 11    XL:     7   Next: 26%
Magic:  20/22      EV: 12    Int: 18    God:    Vehumet [*.....]
Gold:   389        SH:  0    Dex: 10    Spells: 11/14 levels left

rFire   . . .        i - +3 hand axe
rCold   . . .        (no shield)
rNeg    + . .        a - +0 robe
rPois   ∞            (no helmet)
rElec   +            j - +0 cloak
rCorr   .            (no gloves)
SInv    .            f - +0 pair of boots
Will    +....        (no amulet)
Stlth   ++           n - ring of magical power
HPRegen 0.26/turn    m - ring of willpower
MPRegen 0.18/turn

%: no passive effects
@: no status effects
A: sickness immunity, AC +4, negative energy resistance 1, electricity
resistance, torment resistance 1, petrification resistance
a: Renounce Religion


You were on level 5 of the Dungeon.
You worshipped Vehumet.
Vehumet was aware of your devotion.
You visited 1 branch of the dungeon, and saw 5 of its levels.

You collected 389 gold pieces.

Inventory:

Hand Weapons
 i - a +3 hand axe (weapon)
Missiles
 q - a throwing net
Armour
 a - a +0 robe (worn)
 f - a +0 pair of boots (worn)
 j - a +0 cloak (worn)
Magical Staves
 t - a staff of earth
Jewellery
 m - a ring of willpower (right hand)
 n - a ring of magical power (left hand)
Scrolls
 k - 3 scrolls of identify {unknown}
 l - 5 scrolls of blinking
 p - a scroll of vulnerability {unknown}
 r - a scroll of poison
 u - a scroll of enchant armour {unknown}
Potions
 b - 2 potions of magic
 c - a potion of brilliance {unknown}
 d - a potion of might {unknown}
 e - a potion of degeneration {unknown}
 g - a potion of attraction {unknown}
 h - 4 potions of curing {unknown}
 o - a potion of resistance {unknown}
 s - a potion of invisibility {unknown}


   Skills:
 + Level 1.3 Fighting
 + Level 1.1 Axes
 + Level 2.2 Dodging
 + Level 2.7 Stealth
 + Level 0.3 Unarmed Combat
 + Level 4.3 Spellcasting
 + Level 0.7 Transmutations
 + Level 7.0 Earth Magic


You had 11 spell levels left.
You knew the following spells:

 Your Spells              Type           Power      Damage    Failure   Level
a - Sandblast             Erth           58%        2d13      1%          1
b - Passwall              Tmut/Erth      14%        N/A       4%          2

Your spell library contained the following spells:

 Spells                   Type           Power      Damage    Failure   Level
 Foxfire                  Conj/Fire      12%        2x1d4     14%         1
 Stone Arrow              Conj/Erth      32%        3d9       10%         3
 Wereblood                Tmut           6%         N/A       16%         2
 Petrify                  Tmut/Erth      17%        N/A       28%         4
 Brom's Barrelling Bould  Conj/Erth      16%        2d4       32%         4
 Hailstorm                Conj/Ice       3%         3d3       38%         3
 Summon Ice Beast         Ice/Summ       3%         N/A       80%         4
 Simulacrum               Ice/Necr       1%         N/A       100%        6
 Summon Hydra             Summ           1%         N/A       100%        7
 Sublimation of Blood     Necr           Unusable   N/A       N/A         2

Dungeon Overview and Level Annotations

Branches:
Dungeon (5/15)             Temple (0/1) D:4

Altars:
Elyvilon
Kikubaaqudgha
Makhleb
Ru
Vehumet

Annotations:
D:5 2 runed translucent doors, Blork the orc


Innate Abilities, Weirdness & Mutations

You are immune to sickness and miasma.
Your stone body is resilient. (AC +4)
You are immune to poison.
You resist negative energy. (rN+)
You are resistant to electric shocks. (rElec)
You are resistant to unholy torment.
You are immune to petrification.


Message History

Aiming: Sandblast (safe; 1% risk of failure)
Press: ? - help, Shift-Dir - straight line, f/p - gnoll
Aim: a gnoll, wielding a +0 spear (severely wounded, 85% to hit)
The blast of sand hits the gnoll!!
You kill the gnoll!
Vehumet accepts your kill.
Casting: Sandblast (safe; 1% risk of failure)
Confirm with . or Enter, or press ? or * to list all spells.
Aiming: Sandblast (safe; 1% risk of failure)
Press: ? - help, Shift-Dir - straight line, f - orc
Aim: an orc, wielding a +0 whip and wearing a +0 robe (83% to hit)
The blast of sand hits the orc!
You kill the orc!
Vehumet accepts your kill.
Blork the orc comes into view.
He is wielding a +0 dire flail.
Casting: Sandblast (safe; 1% risk of failure)
Confirm with . or Enter, or press ? or * to list all spells.
Aiming: Sandblast (safe; 1% risk of failure)
Press: ? - help, Shift-Dir - straight line, f - ice beast
Aim: an ice beast (83% to hit)
The blast of sand hits the ice beast!
The ice beast is heavily wounded.
Blork the orc shouts!
You barely miss the ice beast.
The ice beast is heavily wounded.
The ice beast hits you but does no damage.
An adder comes into view.
The ice beast closely misses you.
The adder hisses angrily.
You hit the ice beast.
The ice beast is severely wounded.
You hear a shout!
The ice beast hits you. The ice beast freezes you!
You hit the ice beast.
The ice beast is almost dead.
An ufetubus comes into view.
The ice beast hits you. The ice beast freezes you!
The ice beast attacks as it pursues you!
The ice beast hits you. The ice beast freezes you!
You die...

.... . #......##
###
........####...
#.....#.......#
#....#.......#
#5)#........+
##S....>...#
###....########
..#..oY@.......
....#)...######.
.....##..+
.........#
#........# #
#....#...# #.
######...# #.
#...# #.###
##.## #....


You could see Blork the orc, an ice beast, an adder and an ufetubus.

Vanquished Creatures
  2 ogres (D:5)
  An orc priest (D:5)
  4 hounds
  An orc wizard (D:4)
  6 gnolls
  A river rat (D:4)
  4 worms
  2 dart slugs
  15 orcs
  8 ball pythons
  8 endoplasms
  4 giant cockroaches
  8 hobgoblins
  11 kobolds
  3 quokkas
  5 bats
  4 frilled lizards
  6 goblins
  12 rats
105 creatures vanquished.

Notes
Turn   | Place    | Note
-------+----------+-------------------------------------------
     0 | D:1      | Pixllover the Gargoyle Earth Elementalist began the quest
                  | for the Orb.
     0 | D:1      | Reached XP level 1. HP: 10/10 MP: 3/3
   186 | D:1      | Reached skill level 4 in Earth Magic
   186 | D:1      | Reached XP level 2. HP: 15/15 MP: 3/5
   738 | D:1      | Reached XP level 3. HP: 19/19 MP: 2/6
  2198 | D:2      | Reached XP level 4. HP: 24/24 MP: 5/8
  2482 | D:3      | Reached skill level 5 in Earth Magic
  2544 | D:3      | Found a radiant altar of Vehumet.
  2550 | D:3      | Became a worshipper of Vehumet
  2768 | D:3      | Found an ancient bone altar of Kikubaaqudgha.
  3285 | D:4      | Learned a level 2 spell: Passwall
  3291 | D:4      | Reached XP level 5. HP: 28/28 MP: 6/9
  3372 | D:4      | Found a burning altar of Makhleb.
  3441 | D:4      | Found a staircase to the Ecumenical Temple.
  3507 | D:4      | Reached skill level 6 in Earth Magic
  3652 | D:4      | Found a sacrificial altar of Ru.
  3697 | D:4      | Reached * piety under Vehumet
  3697 | D:4      | Offered knowledge of Foxfire by Vehumet.
  3988 | D:4      | Reached XP level 6. HP: 18/32 MP: 11/11
  4449 | D:5      | Entered Level 5 of the Dungeon
  4486 | D:5      | Found a white marble altar of Elyvilon.
  4572 | D:5      | Reached skill level 1 in Fighting
  4623 | D:5      | Reached skill level 1 in Axes
  4623 | D:5      | Reached XP level 7. HP: 36/38 MP: 13/13
  4634 | D:5      | Reached skill level 7 in Earth Magic
  4641 | D:5      | Found a runed translucent door.
  4652 | D:5      | Found a runed translucent door.
  4690 | D:5      | Noticed Blork the orc
  4695 | D:5      | Slain by an ice beast

Illustrated notes

Levels and vault maps discovered:
D:1:      shiori_arrival_maze, layout_loops_ring, minmay_misc_feat_ornament,
          wander_ebering_terrifying_dragon_lair
D:2:      kb_forest_paths, layout_basic, minmay_misc_feat_tiny,
          grunt_decor_mini_mirrors
D:3:      layout_loops_corners, lemuel_doored_altar,
          nicolae_kikubaaqudgha_miasma_corner
D:4:      layout_gridville, mainiacjoe_overflow_boulevard,
          mainiacjoe_overflow_alcove_4, minmay_temple_entry_statues,
          portal_sewer_entry_b
D:5:      lemuel_insect_pit, layout_basic, elyvilon_altar_4, enter_ossuary_2,
          serial_shops, shop, minmay_misc_feat_chi, uniq_blork_the_orc

Skill      XL: |  1  2  3  4  5  6  7 |
---------------+----------------------+-----
Earth Magic    | 4 5 6 7 |  7.0
Spellcasting   | 3 4 |  4.3
Dodging        | 2 |  2.2
Fighting       | 1 |  1.3
Axes           | 1 |  1.1
Stealth        | |  2.7
Unarmed Combat | |  0.3
Transmutations | |  0.7

Action                     |  1- 3 |  4- 6 |  7- 9 || total
---------------------------+-------+-------+-------++-------
  Melee: Unarmed           |    12 |       |       ||    12
         Punch             |     1 |       |       ||     1
         Hand axe          |     2 |    53 |    12 ||    67
   Cast: Sandblast         |    67 |    61 |     7 ||   135
    Use: Scroll            |     3 |       |       ||     3
   Stab: Sleeping          |     1 |       |       ||     1
 Armour: Robe              |    30 |    50 |    10 ||    90
  Dodge: Dodged            |    48 |    63 |     8 ||   119

Table legend: (Time is in decaauts)
 A = Elapsed time spent in this place.
 B = Non-inter-level travel time spent in this place.
 C = Inter-level travel time spent in this place.
 D = Time resting spent in this place.
 E = Time spent auto-exploring this place.
 F = Levels seen in this place.
 G = Mean time per level.
                   A        B        C        D        E       F      G
               +--------+--------+--------+--------+--------+-----+--------+
         Total |   4780 |   4680 |    100 |    241 |   3037 |   5 |  956.0 |
       Dungeon |   4780 |   4680 |    100 |    241 |   3037 |   5 |  956.0 |
               +--------+--------+--------+--------+--------+-----+--------+

Top non-repeatable levels by time:
     D:1: 1334 daAuts
     D:4: 1241 daAuts
     D:2: 1031 daAuts
     D:3: 937 daAuts
     D:5: 236 daAuts
